[Event "Charlotte Spring IM-C 2023"]
[Site "Charlotte"]
[Date "2023.03.18"]
[Round "6.4"]
[White "Sriniaiyer, Sudarshan"]
[Black "Georgiev, Vladimir"]
[Result "0-1"]
[ECO "E61"]
[WhiteElo "2186"]
[BlackElo "2404"]
[Annotator "TA"]
[PlyCount "96"]
[EventDate "2023.03.14"]
[EventType "tourn"]
[EventCountry "USA"]
[SourceTitle "playchess.com"]
[Source "ChessBase"]
[SourceQuality "1"]
[TimeControl "5400+30"]

1. d4 {[%emt 0:02:00] ChessBase II} d6 2. Nf3 Nf6 3. c4 g6 4. Nc3 Bf5 5. Nh4 Bd7 6. e4 Bg7 {[%emt 0:01:48] E61: King's Indian: Early deviations for White, including Smyslov System.} 7. Nf3 O-O 8. Be2 e5 {[%emt 0:02:55] White has an edge.} 9. Be3 {[%emt 0:01:11] [#]} Qe8 $146 ({Predecessor:} 9... Ng4 10. Bg5 f6 11. Bh4 Nc6 12. d5 Ne7 13. Nd2 Nh6 14. f3 c5 15. dxc6 bxc6 {½-½ Wagner,D (2567)-Oratovsky,M (2456) FRA-chT Top 12 2018 (1)}) 10. O-O Ng4 11. Bc1 Na6 (11... exd4 {with more complications.} 12. Nxd4 Qe5 13. Nf3 Qe8) 12. dxe5 dxe5 (12... Nxe5 $11 13. Be3 Nc6) 13. h3 Nf6 14. Be3 {[%emt 0:00:05] Prevents Nc5.} Rd8 15. Qb1 c5 16. Nd5 Bc8 (16... Nh5 $14) 17. a3 Nh5 18. Rd1 b6 19. Ra2 f5 20. Bg5 Rd7 {[%emt 0:02:34] Wards off Ne7+} 21. exf5 gxf5 22. Nh4 Nf4 23. Nxf4 $18 (23. Bxf4 exf4 24. Bf3 (24. Nxf4 $2 Bh6 $19) 24... Nc7 $16) 23... exf4 24. b3 Nc7 25. Bf3 (25. Nxf5 $2 {too greedy.} Rxf5 26. Bh4 Re5 $19) ({Don't do} 25. Bxf4 $6 Ne6 26. Bd6 Rxd6 27. Rxd6 Qe7 $16) 25... Bf6 26. Re2 (26. Qxf5 $2 {perishes.} Rxd1+ 27. Bxd1 Bxf5 $19) (26. Bxf6 $16 Rxf6 27. Re2 (27. Nxf5 $2 Rxd1+ 28. Qxd1 Bxf5 $19)) 26... Qd8 $11 27. Rxd7 Bxd7 28. Bxf6 Qxf6 29. Qd1 Rf7 {[%emt 0:02:53] [#]} (29... Be8 $1 $11) 30. Rd2 (30. Bh5 $1 $16 Re7 31. Rxe7 Qxe7 32. Bf3) 30... Be6 31. Bh5 Qxh4 32. Bxf7+ Kxf7 (32... Bxf7 {keeps more tension.} 33. Rd7 Ne6 34. Qd6 f3) 33. Qf3 Ne8 34. Re2 Ng7 35. Qc6 (35. Rd2 $11 {keeps the balance.}) 35... Qd8 $17 {[%emt 0:00:27] Strongly threatening ...Qd1+.} 36. Qf3 Kg6 (36... Kf6 {feels hotter.} 37. Kh2 Qd6 38. Qc3+ Qd4) 37. Kh2 (37. Re1 $142) 37... Qd6 38. Re1 Bf7 39. Rd1 Qc7 40. Qd3 Ne6 41. Qd6 {[%emt 0:00:10] [#] Wards off} (41. Qd7 $17 {is a better defense.} Qe5 42. f3) 41... Qxd6 $1 $19 42. Rxd6 Kf6 {[%emt 0:00:10] White must now prevent ...Ke7.} 43. Rd7 $2 (43. b4 $17) 43... Nd4 44. Rxa7 Nxb3 {[%emt 0:00:00] Black is clearly winning.} 45. Rb7 (45. f3 $142 Nd2 46. a4) 45... Bxc4 46. Rxb6+ Ke5 {[%emt 0:00:00] Threatens to win with ...Bd5.} 47. a4 Bd5 {[%emt 0:00:00] ...c4 is the strong threat.} 48. Rb5 Kd4 {[%emt 0:00:00] What a bad dream for White.   Weighted Error Value: White=0.41/Black=0.10 (very precise)} 0-1

[Event "Charlotte Spring IM-C 2023"]
[Site "Charlotte"]
[Date "2023.03.18"]
[Round "6.5"]
[White "Vanapalli, Vishnu"]
[Black "Chiku-Ratte, Olivier-Kenta"]
[Result "1-0"]
[ECO "C55"]
[WhiteElo "2226"]
[BlackElo "2301"]
[Annotator "TA"]
[PlyCount "157"]
[EventDate "2023.03.14"]
[EventType "tourn"]
[EventCountry "USA"]
[SourceTitle "playchess.com"]
[Source "ChessBase"]
[SourceQuality "1"]
[TimeControl "5400+30"]

1. e4 e5 2. Nf3 Nc6 3. Bc4 Nf6 4. d3 h6 5. O-O d6 6. c3 g6 7. d4 Qe7 8. Re1 Bg7 9. Nbd2 O-O 10. h3 a6 {[%emt 0:00:00] 10...Kh8 is setting a new trend. C55: Two Knights: 4 d3, 4 d4 exd4 5 e5 and Max Lange Attack.} 11. a4 {[%emt 0:09:53] [#]} exd4 $146 ({Predecessor:} 11... Nh5 12. Nf1 Kh7 13. Ne3 Bd7 14. Nd5 Qd8 15. Be3 Ne7 16. dxe5 Nxd5 17. Bxd5 c6 18. Bb3 dxe5 {0-1 Lamard,G (2486)-Jenni,F (2456) Titled Tuesday intern op 7th April blitz 2020 (6)}) 12. cxd4 Nd7 {[%emt 0:00:00] White is slightly better.} 13. Nf1 Nb6 14. Bb3 a5 15. Be3 Qd8 16. Ng3 d5 17. e5 Nc4 18. Bxc4 dxc4 19. Qc1 Nb4 (19... Kh7 $16 {is a better defense.}) 20. Qxc4 (20. Bxh6 $18 {Bg5 is the strong threat.} Nd3 21. Qe3 (21. Qxc4 $2 Nxe1 22. Rxe1 Bxh6 $19)) 20... Be6 $16 21. Qe2 {[%emt 0:00:24] White is more active.} Bd5 22. Rec1 Qd7 23. Nd2 f5 24. exf6 Rxf6 25. Nc4 $1 Nc6 26. Ne5 {[%emt 0:03:08] Prevents Rf7} Nxe5 27. dxe5 Rc6 28. f4 Rxc1+ 29. Rxc1 ({But not} 29. Bxc1 Rd8 $16) 29... Bc6 30. Qc2 Qe6 {[%emt 0:00:00] [#]} (30... Qd5 $16 31. Rd1 (31. Qxg6 $2 Qxg2#) 31... Qf7) 31. Rd1 (31. Ne2 $1 $18 ) 31... Rf8 32. Ne2 (32. Rd4 $142) 32... Qf7 33. Nc3 g5 $1 {[%emt 0:00:00][%mdl 64] Deflection} 34. fxg5 hxg5 {[%emt 0:00:00] [#]} (34... Bxe5 $14 35. gxh6 Kh8) 35. Bxg5 $2 ({Stronger than} 35. Bc5 Qf5 36. Qb3+ Rf7 $11) ({White has to play} 35. Ne4 $1 $18 Qg6 36. Qc4+ Kh8 37. Nxg5 Bxe5 38. b3) 35... Bxe5 $11 36. Qe2 Qf5 37. Be3 Qg6 38. Bd4 $2 (38. Rf1 $11) 38... Bd6 $2 {[%emt 0:00:00] This pair of bishops is nice.} (38... Bf3 $19 39. Qf1 Bxd1 40. Qxd1 Bd6) 39. Rd3 Bf4 40. Qg4 Qxg4 41. hxg4 Kh7 42. Ne2 Bd6 43. b3 Kg6 44. Re3 Kg5 {[%emt 0:00:00][%mdl 1024] Black has compensation.} 45. Be5 Bc5 46. Bd4 Bd6 {[%emt 0:00:00] Against Re5+} 47. Be5 Bb4 48. Nd4 {[%emt 0:00:08] aiming for Ne6+.} Bd5 {[%emt 0:01:19] Wards off Ne6+} 49. Bxc7 {[%emt 0:00:44] Threatens to win with Re5+.} Kxg4 50. Re5 (50. Rg3+ {simplifies} Kh5 51. Ne2 Bc5+ 52. Kh1) 50... Rc8 $2 {[%emt 0:01:08][%mdl 8192] White leaves nothing to chance now.} (50... Bd2 $11 {and Black stays safe.}) 51. Bxa5 $18 Bxa5 52. Rxd5 {[%emt 0:00:06][%mdl 4096] Endgame KRB-KRN} Bb6 53. Kf1 Rc3 54. Ke2 {[%emt 0:00:55] Prevents Rd3.} Rg3 $2 (54... Rc7 55. Kd3 Kg3 56. Rg5+ Kf2) 55. Rd6 {[%emt 0:00:40] Strongly threatening Rg6+.} Rxg2+ 56. Kf1 Rd2 57. Rg6+ Kf4 58. Ne2+ Ke3 59. Re6+ Kf3 60. Rf6+ (60. Rxb6 $2 Rd1#) 60... Ke3 61. Rxb6 {[%emt 0:00:04] KRN-KR} Rd1+ 62. Kg2 {[%emt 0:00:04] Black must now prevent Re6+.} Kxe2 {[%emt 0:01:17] KR-KR} 63. Re6+ Kd3 64. Rd6+ Kc2 65. Rxd1 Kxd1 {[%emt 0:00:41] KPP-KP. White mates.} 66. b4 Kc2 67. a5 Kb3 68. b5 Kb4 69. a6 b6 70. a7 Kxb5 71. a8=Q ({Not} 71. a8=B Kc5 $11) 71... Kb4 72. Qe4+ Ka5 73. Kf3 b5 74. Ke2 b4 75. Qc2 Kb5 76. Qb3 Kc5 77. Kd3 Kb5 78. Kd4 Ka5 79. Kc5 {[%emt 0:00:12] Weighted Error Value: White=0.25 (precise) /Black=0.32} 1-0

[Event "Charlotte Spring IM-C 2023"]
[Site "Charlotte"]
[Date "2023.03.19"]
[Round "7.1"]
[White "Chiku-Ratte, Olivier-Kenta"]
[Black "Adamson, Robby"]
[Result "1-0"]
[ECO "E11"]
[WhiteElo "2301"]
[BlackElo "2265"]
[Annotator "TA"]
[PlyCount "109"]
[EventDate "2023.03.14"]
[EventType "tourn"]
[EventCountry "USA"]
[SourceTitle "playchess.com"]
[Source "ChessBase"]
[SourceQuality "1"]
[TimeControl "5400+30"]

1. Nf3 d5 2. d4 Nf6 3. c4 e6 4. g3 Bb4+ 5. Bd2 Be7 6. Qc2 O-O 7. Bg2 c6 8. O-O Nbd7 9. Bf4 b6 {[%emt 0:00:11] E11: Bogo-Indian.} 10. Nbd2 Nh5 11. cxd5 {[%emt 0:01:19] Recently 11.e3 got a lot of attention.} Nxf4 {[%emt 0:01:22] The position is equal.} 12. gxf4 {[%emt 0:00:05] [#] Threatens to win with dxe6.} cxd5 13. Rfc1 Ba6 14. e3 Rc8 15. Qa4 Nb8 16. Bf1 Bxf1 17. Kxf1 {[%emt 0:00:15] [#]} Qd7 $146 ({Predecessor:} 17... a6 18. Rxc8 Qxc8 19. Ne5 a5 20. Qd1 Qa6+ 21. Qe2 Rc8 22. Qxa6 Nxa6 23. Nd3 Nb4 {½-½ Saraci,N (2487)-Borhy,M (2403) Pristina Nderkombetar op 2022 (7)}) 18. Qb3 Nc6 19. Qb5 Nb8 20. Qxd7 Nxd7 21. Ne5 Nb8 22. Ke2 f6 23. Nd3 Bd6 24. h3 Kf7 25. a4 Rxc1 26. Rxc1 Na6 27. a5 Ke7 (27... bxa5 $5 28. Ra1 (28. Rc6 Nb8 $11) 28... Bc7 $11) 28. axb6 axb6 29. f3 Kd7 30. Rg1 Rf7 31. h4 Nb8 32. e4 Nc6 33. Ke3 Ne7 34. h5 Bc7 35. Nf1 Bd6 36. Nh2 Nc6 37. Ng4 Bc7 38. h6 {[%emt 0:06:01] [#] And now hxg7 would win.} g6 39. Rc1 {[%emt 0:01:15] Hoping for e5.} Bd6 {[%emt 0:05:28][%mdl 8192] This costs Black the game.} (39... dxe4 $16 {is tougher.} 40. fxe4 Ne7) 40. e5 $18 Ne7 41. exd6 Nf5+ 42. Kf2 Kxd6 43. Rc8 Nxd4 44. Rd8+ Kc7 45. Ra8 {[%emt 0:03:13] aiming for Ra7+.} Kb7 {[%emt 0:00:51] Prevents Ra7+.} 46. Re8 Kc7 47. Ne3 Kd7 48. Rg8 Nc6 49. Ng4 Ke7 (49... Kd6 $142 50. b4 Ne7 51. Rd8+ Kc7) 50. Rc8 {[%emt 0:00:39] White is clearly winning.} Nd4 51. Rb8 b5 52. Rb6 Kd7 53. Ra6 Kc8 54. b4 Kb8 55. Nc5 {[%emt 0:00:14] Weighted Error Value: White=0.11 (very precise) /Black=0.39} 1-0

[Event "Charlotte Spring IM-C 2023"]
[Site "Charlotte"]
[Date "2023.03.19"]
[Round "7.2"]
[White "Georgiev, Vladimir"]
[Black "Vanapalli, Vishnu"]
[Result "1/2-1/2"]
[ECO "D37"]
[WhiteElo "2404"]
[BlackElo "2226"]
[Annotator "TA"]
[PlyCount "169"]
[EventDate "2023.03.14"]
[EventType "tourn"]
[EventCountry "USA"]
[SourceTitle "playchess.com"]
[Source "ChessBase"]
[SourceQuality "1"]
[TimeControl "5400+30"]

1. d4 d5 2. c4 e6 3. Nc3 Be7 4. Bf4 Nf6 5. e3 O-O 6. Nf3 b6 7. cxd5 Nxd5 8. Nxd5 exd5 9. Bd3 Bb7 {[%emt 0:00:45] D37: Queen's Gambit Declined: 5 Bf4.} (9... c5 $11 {remains equal.}) 10. O-O ({White should try} 10. Qc2 $16) 10... c5 $11 11. b3 Nd7 12. Rc1 a6 13. Qe2 {[%emt 0:02:26] [#]} Nf6 $146 ({Predecessor:} 13... b5 14. dxc5 Nxc5 15. Bb1 Rc8 16. Rfd1 Qb6 17. Ne5 Qe6 18. Nf3 Rfe8 {1-0 Obiedzinski,P (2024)-Tomczyk,R POL-chT Mazovia 06/07 op 2006 (5.26)}) 14. h3 Qd7 15. Rfd1 h6 (15... Qe6 $14 {is more appropriate.}) 16. Qc2 Rfd8 17. Ne5 Qe8 18. Nf3 ({Better is} 18. Qe2 $14) 18... cxd4 19. Nxd4 {[%emt 0:01:03] Qc7 is the strong threat.} (19. Qc7 $5 Rd7 20. Qxb6 dxe3 21. Qxe3 $14 (21. Bxe3 d4 $11)) 19... Ba3 20. Rb1 $36 {[%emt 0:02:05][%mdl 2048] White has some pressure.} Rac8 {[%emt 0:01:48] Repels b4} 21. Qe2 {[%emt 0:01:33] Threatens to win with b4.} Ne4 $2 (21... Be7 $14) 22. Qg4 ({And not} 22. Bxa6 Nc3 23. Qf1 Bxa6 24. Qxa6 Bc5 $17) ({Only move:} 22. b4 $1 $18) 22... Nf6 23. Qh4 {[%emt 0:04:11] Strongly threatening b4. White is much more active.} Ne4 $2 {[%emt 0:02:56] [#]} (23... Bf8 $16) 24. Bxe4 $2 (24. b4 $1 $18) 24... Qxe4 $2 {[%emt 0:04:09] [#]} (24... dxe4 $14 25. Qg4 Bf8) 25. b4 $1 $18 {[%emt 0:01:57] aiming for f3.} Re8 26. Qg4 {[%emt 0:02:30] Hoping for Nf5.} Qg6 27. Qd7 (27. Qxg6 $18 fxg6 28. Rb3) 27... Bc6 $16 28. Nxc6 Qxc6 29. Qxd5 (29. Qxc6 $16 Rxc6 30. Rd3 (30. Rxd5 Rc2 $14)) 29... Qxd5 $14 30. Rxd5 Rc4 31. Rd4 Rc2 32. Rd6 a5 33. Rxb6 {[%emt 0:00:16] And now b5 would win.} axb4 34. Bd6 Rxa2 35. Bxb4 Bxb4 36. R1xb4 $16 {[%emt 0:00:07][%mdl 4096] Endgame KRR-KRR} Ra7 37. g4 g6 38. Kg2 Kg7 39. Kg3 Re5 40. Rb8 Rea5 41. h4 Ra1 42. Rc8 Ra8 43. Rxa8 Rxa8 {[%emt 0:00:02] KR-KR} 44. g5 hxg5 45. hxg5 Ra7 46. Rb6 Rc7 47. f4 Ra7 48. Kf3 Re7 49. Ra6 Rb7 50. Ra3 Re7 51. Rc3 Kg8 52. Rc8+ Kg7 53. Rd8 Ra7 54. Ke4 Ra4+ 55. Ke5 Ra5+ 56. Rd5 Ra8 57. Rd7 Ra5+ 58. Kd6 Ra6+ 59. Kc5 Ra5+ 60. Kb4 Ra1 61. Kc3 Ra3+ 62. Kd4 Ra4+ 63. Ke5 Ra5+ 64. Rd5 Ra8 65. e4 Ra4 66. Rb5 Ra6 67. Kd5 Ra4 68. Rc5 Ra1 69. Ke5 Re1 70. Rc7 Rf1 71. Rc8 Re1 72. Rd8 Re2 73. Rd4 Rf2 74. f5 (74. Ra4 $16) 74... gxf5 $11 {[%emt 0:00:15] The position is equal.} 75. exf5 Rg2 76. Kf4 Rf2+ 77. Kg4 Rg2+ 78. Kh4 Rh2+ 79. Kg3 Rh5 80. Kg4 Rh1 81. Rd3 Rg1+ 82. Rg3 Ra1 83. Rh3 Rg1+ 84. Kh5 f6 85. gxf6+ {[%emt 0:00:17] Black escapes into a draw.   Weighted Error Value: White=0.26 (precise) /Black=0.25 (precise)} 1/2-1/2

[Event "Charlotte Spring IM-C 2023"]
[Site "Charlotte"]
[Date "2023.03.19"]
[Round "7.3"]
[White "Amburgy, Ryan"]
[Black "Sriniaiyer, Sudarshan"]
[Result "0-1"]
[ECO "D37"]
[WhiteElo "2242"]
[BlackElo "2186"]
[Annotator "TA"]
[PlyCount "110"]
[EventDate "2023.03.14"]
[EventType "tourn"]
[EventCountry "USA"]
[SourceTitle "playchess.com"]
[Source "ChessBase"]
[SourceQuality "1"]
[TimeControl "5400+30"]

1. d4 Nf6 2. c4 e6 3. Nf3 d5 4. Nc3 Nbd7 5. Bf4 dxc4 6. e4 {[%emt 0:00:46] D37: Queen's Gambit Declined: 5 Bf4.} Bb4 7. Bxc4 Nxe4 8. O-O {[%emt 0:00:10] Black is slightly better.} Nxc3 (8... Bxc3 $5 9. bxc3 Nb6 $15) 9. bxc3 Bd6 10. Bg5 Be7 11. Bxe7 Qxe7 12. Re1 O-O 13. Qe2 {[%emt 0:01:07] [#]} Qf6 $146 ({Predecessor:} 13... Nb6 14. Bd3 c6 15. Rad1 Bd7 16. Bc2 Rfd8 17. Ne5 Nd5 18. c4 Nf6 19. Rd3 Be8 {0-1 Strating,S-Van der Weij,A (2305) Dieren op 1991 (6)}) 14. Bd3 g6 15. Be4 Rb8 16. Qc4 Qd8 17. Rad1 b5 18. Qb4 Rb6 19. d5 e5 20. d6 {[%emt 0:01:27] This costs White the game.} (20. Bd3 $15) 20... cxd6 $19 21. Rd5 (21. Rxd6 $2 {loses.} a5 22. Rxd7 (22. Qa3 $2 b4 $19) 22... axb4 $19) (21. c4 $142) 21... Qc7 ({Inferior is} 21... f5 22. Bc2 $19) 22. Rxb5 Rxb5 23. Qxb5 Qxc3 24. h4 (24. Qc6 {was worth a try.} Nc5 25. Qxd6) 24... Nf6 25. Qa4 Bg4 26. Rd1 (26. Qc2 $142 Rc8 27. Qxc3 Rxc3 28. Bb7) 26... Qc5 27. Rd2 Nxe4 28. Qxe4 Qc1+ 29. Qe1 Rc8 {[%emt 0:00:26] [#] Threatens to win with ...Bxf3.} 30. Rd1 Qf4 31. Qe3 (31. Qd2) 31... Qxe3 32. fxe3 {[%emt 0:00:02][%mdl 4096] Endgame KRB-KRN} e4 33. Rd4 Rc1+ 34. Kf2 exf3 35. Rxg4 fxg2 36. Kxg2 {[%emt 0:00:00] KR-KR} Rc2+ 37. Kf3 Rxa2 38. Rd4 Ra6 39. h5 Kg7 40. Kg4 Kh6 41. Rd5 f5+ 42. Kh4 Ra4+ 43. Kg3 Kxh5 44. Rxd6 Kg5 45. Kf3 a5 46. Rd5 h5 47. Rc5 h4 48. Rd5 Ra3 49. Kf2 Ra2+ 50. Kf3 h3 51. Kg3 h2 52. Rd1 Rb2 53. e4 fxe4 54. Kh3 a4 55. Rg1+ hxg1=N+ {[%emt 0:00:11] Weighted Error Value: White=0.45/Black=0.12 (very precise)} (55... hxg1=B $142 56. Kg3 a3 57. Kh3 Kf4 58. Kh4 Rh2#) 0-1

[Event "Charlotte Spring IM-C 2023"]
[Site "Charlotte"]
[Date "2023.03.19"]
[Round "7.4"]
[White "Yu, Jiangwei"]
[Black "Jayaraman, Roshan"]
[Result "1-0"]
[ECO "D35"]
[WhiteElo "2167"]
[BlackElo "1907"]
[Annotator "TA"]
[PlyCount "81"]
[EventDate "2023.03.14"]
[EventType "tourn"]
[EventCountry "USA"]
[SourceTitle "playchess.com"]
[Source "ChessBase"]
[SourceQuality "1"]
[TimeControl "5400+30"]

1. d4 Nf6 2. c4 e6 3. Nc3 d5 4. cxd5 exd5 5. Bg5 Bb4 6. e3 h6 7. Bh4 g5 {[%emt 0:01:32] D35: Queen's Gambit Declined: Exchange Variation.} 8. Bg3 Ne4 9. Nge2 h5 {[%emt 0:00:49] White is slightly better.} 10. f3 (10. h4 $14) 10... Nxg3 $11 11. hxg3 Qe7 12. Qd3 {[%emt 0:08:29] [#]} Be6 $146 ({Predecessor:} 12... c6 13. O-O-O Be6 14. g4 h4 15. Ng3 Nd7 16. Nf5 Bxf5 17. gxf5 O-O-O 18. a3 Bxc3 19. Qxc3 {0-1 Donado Mazarron Gomez,M (2078)-Alvarez Serrano,C (2244) Almansa op-A 14th 2019 (1)}) 13. g4 h4 14. g3 Nd7 15. gxh4 gxh4 (15... Rxh4 $15 {is more appropriate.} 16. Rxh4 gxh4) 16. Nf4 (16. a3 $5 Bd6 17. Nb5 $14) 16... O-O-O 17. a3 Bxc3+ 18. Qxc3 Kb8 19. O-O-O Nf8 20. Bd3 {[%emt 0:08:35] Prevents f5} Bc8 21. Qd2 Ne6 22. Nxe6 Bxe6 23. Qh2 Rdg8 24. Qf4 Qg5 25. Rh2 {[%emt 0:04:04] Hoping for Qxg5.} f6 26. Rdh1 Rh6 27. Rc2 Rg7 28. Kb1 Rh8 29. Rhc1 Rc8 (29... Re7 {simplifies} 30. Re2 Bg8 31. Qxg5 fxg5 32. f4 Be6) 30. Ka1 a6 31. Rc3 Re7 (31... Qxf4 {simplifies} 32. exf4 Rh8 33. R3c2 h3) 32. Rh1 (32. Qh2 $5 Ka7 33. Be2 $11) 32... Rh8 33. Rc2 (33. Bb1 $11) 33... Rg7 (33... Bc8 $17) 34. Re1 (34. Rch2 $11 {keeps the balance.}) 34... Rc8 (34... Bc8 $17) 35. Ree2 (35. Qh2 $11) 35... Re8 $15 36. Qh2 Bc8 ({Don't do} 36... f5 37. gxf5 Bxf5 38. Rg2 $14) ({Black should try} 36... Bg8 $15) 37. e4 $11 dxe4 38. Bxe4 Ree7 39. d5 {[%emt 0:01:13] Black must now prevent d6.} Rd7 {[%emt 0:04:09] [#]} (39... f5 $11 {remains equal.} 40. d6 Rxe4 41. fxe4 (41. dxc7+ Ka8 $11) 41... fxg4 42. dxc7+ Ka8) 40. Re1 {[%emt 0:01:14] White is more active. Black is weak on the light squares} ({Better is} 40. Rc5 $1 $16) 40... Qe5 $2 {[%emt 0:02:17] [#]} (40... f5 $11 {and Black has nothing to worry.} 41. gxf5 (41. Bxf5 Rxd5 42. Be4 Rd6 $11) 41... Rd8) 41. Qxh4 $2 {[%emt 0:00:14] Weighted Error Value: White=0.20 (precise) /Black=0.26 (precise)} (41. Qxe5 $1 $18 fxe5 42. Rh1) 1-0

[Event "Charlotte Spring IM-C 2023"]
[Site "Charlotte"]
[Date "2023.03.18"]
[Round "7.5"]
[White "Petenyi, Tamas"]
[Black "Nguyen, James Le"]
[Result "0-1"]
[ECO "B11"]
[WhiteElo "2325"]
[BlackElo "2100"]
[Annotator "TA"]
[PlyCount "43"]
[EventDate "2023.03.14"]
[EventType "tourn"]
[EventCountry "USA"]
[SourceTitle "playchess.com"]
[Source "ChessBase"]
[SourceQuality "1"]
[TimeControl "5400+30"]

1. e4 c6 2. Nc3 d5 3. Qe2 d4 4. Nd1 e5 5. g3 c5 6. d3 {[%emt 0:00:09] B11: Caro-Kann: Two Knights Variation.} Nc6 7. Bg2 {[%emt 0:00:27] has lost popularity (7.f4).} Bd6 8. f4 {[%emt 0:00:57] Black has an edge.} Nge7 9. Nf3 {[%emt 0:00:48] [#]} (9. f5 $11 {remains equal.}) 9... Bd7 $146 ({But not} 9... Bg4 10. Nf2 Bd7 11. f5 $11) (9... exf4 $1 $17 10. Bxf4 O-O) ({Predecessor:} 9... Qc7 10. f5 Bd7 11. O-O O-O-O 12. c4 f6 13. Bd2 g6 14. Nh4 Rdf8 15. a3 a5 {0-1 Pridorozhni,A (2597)-Svane,R (2613) Titled Tuesday intern op 18th Aug blitz 2020 (4)}) 10. O-O Qc7 11. fxe5 Nxe5 12. Nxe5 Bxe5 13. Nf2 {[%emt 0:00:16] [#]} (13. Qh5 $11 O-O 14. Bd2) 13... h5 $1 $17 14. Bh3 O-O-O 15. Bxd7+ Qxd7 16. Kg2 h4 {Black is more active.} 17. Bf4 Ng6 (17... hxg3 $17 18. Bxe5 gxf2) 18. Qg4 $15 h3+ 19. Kh1 Bxf4 {[%emt 0:00:30] Black is slightly better.} 20. gxf4 Qxg4 21. Nxg4 Rh4 22. f5 {[%emt 0:01:00] Weighted Error Value: White=0.17 (very precise) /Black=0.17 (very precise)} 0-1

[Event "Charlotte Spring IM-C 2023"]
[Site "Charlotte"]
[Date "2023.03.19"]
[Round "8.1"]
[White "Adamson, Robby"]
[Black "Nguyen, James Le"]
[Result "1/2-1/2"]
[ECO "B33"]
[WhiteElo "2265"]
[BlackElo "2100"]
[Annotator "TA"]
[PlyCount "46"]
[EventDate "2023.03.14"]
[EventType "tourn"]
[EventCountry "USA"]
[SourceTitle "playchess.com"]
[Source "ChessBase"]
[SourceQuality "1"]
[TimeControl "5400+30"]

1. e4 c5 2. Nf3 Nc6 3. d4 cxd4 4. Nxd4 Nf6 5. Nc3 e5 6. Nde2 Bc5 7. Ng3 d6 8. Be2 O-O 9. O-O a6 10. Bg5 {[%emt 0:03:53] Strongly threatening Nd5. B33: Sicilian: Pelikan and Sveshnikov Variations.} h6 11. Bxf6 Qxf6 12. Nd5 {[%emt 0:00:12] Prevents Ne7. The position is equal.} Qg5 13. c3 Ne7 {[%emt 0:09:13] [#]} 14. Nc7 $146 {[%emt 0:13:43] A dynamic duo of knights.} ({Predecessor:} 14. Bc4 Ng6 15. Qc1 Qg4 16. Qd1 Qg5 17. Qc1 Qh4 18. Qd2 Be6 19. Bb3 Rab8 20. Rae1 {½-½ Franks,K (2348)-Sherwood,A (2357) BCCC 19/21 ICCF email 2019}) 14... Rb8 15. b4 {[%emt 0:00:22][%mdl 64] Deflection} Bb6 16. Nd5 Nxd5 17. Qxd5 Rd8 18. Bc4 $36 {[%emt 0:08:28][%mdl 2048] White has some pressure.} Be6 19. Qd3 Rbc8 20. Bb3 h5 21. Ne2 h4 22. Kh1 h3 23. g3 {[%emt 0:01:29] [#]} (23. gxh3 $11 Qh6 24. Bxe6 Qxe6 25. Rad1) 23... d5 $1 {[%emt 0:26:53][%mdl 512] Weighted Error Value: White=0.15 (very precise) /Black=0.00 (flawless)} 1/2-1/2

[Event "Charlotte Spring IM-C 2023"]
[Site "Charlotte"]
[Date "2023.03.19"]
[Round "8.3"]
[White "Sriniaiyer, Sudarshan"]
[Black "Yu, Jiangwei"]
[Result "1/2-1/2"]
[ECO "D13"]
[WhiteElo "2186"]
[BlackElo "2167"]
[Annotator "TA"]
[PlyCount "21"]
[EventDate "2023.03.14"]
[EventType "tourn"]
[EventCountry "USA"]
[SourceTitle "playchess.com"]
[Source "ChessBase"]
[SourceQuality "1"]
[TimeControl "5400+30"]

1. d4 d5 2. c4 c6 3. Nf3 Nf6 4. cxd5 cxd5 5. Nc3 Nc6 6. Bf4 a6 7. Rc1 {[%emt 0:00:33] [#]} Nh5 $146 ({Predecessor:} 7... Bf5 8. e3 e6 9. Qb3 Ra7 10. Ne5 Be7 11. Nxc6 bxc6 12. Be2 O-O 13. O-O Nd7 14. Na4 Qa8 15. Bd3 Rb7 16. Qc2 Bxd3 17. Qxd3 Rb5 {½-½ Kovalenko,I (2674)-Kamsky,G (2661) Chess.com Rapid Wk8 Swiss 2022 (7)}) 8. Bd2 Nf6 9. Bf4 Nh5 10. Bd2 Nf6 11. Bf4 1/2-1/2

[Event "Charlotte Spring IM-C 2023"]
[Site "Charlotte"]
[Date "2023.03.19"]
[Round "8.4"]
[White "Vanapalli, Vishnu"]
[Black "Amburgy, Ryan"]
[Result "1/2-1/2"]
[ECO "C47"]
[WhiteElo "2226"]
[BlackElo "2242"]
[Annotator "TA"]
[PlyCount "69"]
[EventDate "2023.03.14"]
[EventType "tourn"]
[EventCountry "USA"]
[SourceTitle "playchess.com"]
[Source "ChessBase"]
[SourceQuality "1"]
[TimeControl "5400+30"]

1. e4 e5 2. Nf3 Nc6 3. Nc3 Nf6 4. d4 exd4 5. Nxd4 Bb4 6. Nxc6 bxc6 7. Bd3 O-O 8. O-O d5 9. exd5 {[%emt 0:00:12] C47: Scotch Four Knights and Four Knights with 4 g3.} Bg4 10. f3 Bh5 11. Bg5 cxd5 12. Bxf6 Qxf6 13. Nxd5 Qxb2 14. Rb1 Bc5+ 15. Kh1 Qe5 16. Re1 $36 {[%emt 0:00:42][%mdl 2048] White has some pressure.} Qd6 {[%emt 0:00:32] Black is weak on the light squares} 17. Ne7+ Kh8 18. Qe2 {[%emt 0:00:36] [#]} Rae8 $146 {[%emt 0:10:46] [#]} (18... Rab8 $11 19. Nf5 (19. Qe4 Bg6 $11) 19... Qe6) ({Predecessor:} 18... Bg6 19. Nxg6+ hxg6 20. Qe4 Kg8 21. g3 Rab8 22. Kg2 Rxb1 23. Rxb1 Bb6 24. Re1 Rd8 {½-½ Paravyan,D (2551)-Sjugirov,S (2613) Wch Blitz Almaty 2022 (21)}) 19. Ng6+ $1 $18 {[%emt 0:04:12][%mdl 576] Discovered Attack} Bxg6 20. Qxe8 {[%emt 0:01:04][%cal Ob1b8] Strongly threatening Rb8!} Bxd3 21. cxd3 Qxd3 22. Qb5 Qxb5 23. Rxb5 {[%emt 0:00:11][%mdl 4096] Endgame KRR-KRB} Bb6 24. a4 a5 25. Rd5 g6 26. g3 h5 27. Kg2 Kg7 28. Rd7 Rc8 29. Ree7 Rf8 30. f4 $2 (30. Re2 $18 {is more deadly.}) 30... Bc5 $16 31. Re5 Bd6 32. Rxa5 {[%emt 0:00:14] White has more active pieces.} Rb8 33. f5 ({White should play} 33. Ra7 $16) 33... Rb2+ $14 34. Kf3 {[%emt 0:02:11] Black must now prevent fxg6.} g5 35. Rxd6 {[%emt 0:16:56] An exciting game.   Weighted Error Value: White=0.10 (very precise) /Black=0.15 (very precise)} 1/2-1/2